Map: Frostline LE

Players

iPlayDefense

  • Race: Terran Terran
  • Spawn Location: 7:00

VOD

Have the link to the VOD?

Description

Time

  • Played on: April 11, 2025, 2:42 p.m.
  • Length: 11:35
Show
View Real Time Build Order
Export as new Build Order

iPlayDefense Terran 

Build Orders:  

Get SALT Encoding   

  12  0:01  SCV  
  13  0:18  SCV  
  14  0:39  Supply Depot  
  14  0:43  Refinery  
  14  0:47  Refinery  
  14  0:54  SCV  
  15  1:11  SCV  
  15  1:19  Barracks  
  16  1:29  SCV  
  17  2:32  Barracks Reactor  
  17  2:36  Command Center  
  17  2:39  Orbital Command  
  17  3:30  Supply Depot  
  17  3:37  Marine x2  
  19  4:02  Marine x2  
  19  4:08  SCV  
  22  4:19  SCV  
  23  4:25  SCV  
  24  4:36  SCV  
  24  4:39  Engineering Bay  
  25  4:42  SCV  
  26  4:52  SCV  
  26  4:58  Supply Depot  
  26  4:59  SCV  
  28  5:07  Marine x2  
  28  5:09  SCV  
  31  5:16  SCV  
  32  5:30  Terran Infantry Weapons Level 1  
  32  5:32  Marine x2, Barracks  
  34  5:40  Barracks  
  34  5:59  Marine x2  
  36  6:13  Orbital Command  
  36  6:24  Marine x2  
  36  6:29  SCV  
  39  6:38  Barracks Tech Lab  
  39  6:46  Barracks Tech Lab, SCV  
  39  6:49  Marine x2  
  42  6:55  Supply Depot  
  42  7:06  Stimpack  
  42  7:07  Barracks  
  42  7:22  Marine x3  
  42  7:23  Marine  
  46  7:34  Unknown  
  46  7:47  Marine x4, Factory  
  50  8:01  SCV x2  
  52  8:11  Marine  
  52  8:12  Marine x3  
  52  8:15  Barracks  
  52  8:18  SCV x2  
  58  8:23  Barracks Reactor  
  58  8:35  SCV x2  
  58  8:36  Marine  
  58  8:37  Marine  
  62  8:51  Factory Tech Lab  
  62  8:59  Starport  
  62  9:18  SCV, Marine  
  64  9:21  Barracks Reactor  
  64  9:34  Supply Depot  
  64  9:57  Marine  
  64  9:58  Marine x5  
  70  10:06  Supply Depot, Starport Reactor  
  70  10:10  Supply Depot  
  69  10:22  Marine  
  69  10:23  Marine x5  
  75  10:36  Supply Depot  
  74  10:47  Marine  
  74  10:48  Marine x5  
  66  11:02  Unknown  
  66  11:09  Supply Depot  
Tags
 
Matchup
Co-op
Replay Pack
DaveSC2
Add a new tag
Caveats
  • Supply blocks, unpowered buildings, or Contaminate may cause inaccurate times.
  • Supply counts are checked every 10 seconds.